 Dungeon Crawl Stone Soup version 0.31-a0-986-g5e6e4ef867 (webtiles) character file.

Game seed: 16942752300853244067

18046 avis the Spry (level 12, -11/51 HPs)
             Began as a Felid Shapeshifter on Nov 21, 2023.
             Was an Initiate of Gozag.
             Mangled by a skyshark (13 damage)
             ... on level 1 of the Lair of Beasts.
             The game lasted 01:32:57 (14508 turns).

avis the Spry (Felid Shapeshifter)                 Turns: 14508, Time: 01:32:58

Health: -11/51     AC:  3    Str: 10    XL:     12   Next: 24%
Magic:  16/16      EV: 29    Int: 25    God:    Gozag
Gold:   1465       SH:  5    Dex: 19    Spells: 2/15 levels left
                                        Lives:  0   Deaths: 3

rFire   . .          .
                       - Unarmed
rCold   + . .        (shield unavailable)
rNeg    . . .        (body armour unavailable)
rPois   .            (helmet unavailable)
rElec   .            (cloak unavailable)
rCorr   .            (gloves unavailable)
SInv    +            (boots unavailable)
Will    +....        c - amulet of reflection
Stlth   ++           L - +6 ring of intelligence
HPRegen 0.28/turn    J - +6 ring of intelligence
MPRegen 0.15/turn

%: reflection
@: blade hands, studying 2 skills, quick
A: very small, (claws 1), fangs 3, see invisible, speed 1, shaggy fur 3,
(stealthy paws), no weapons or thrown items, no armour, multi-lived
a: Begin Untransformation, Renounce Religion, Potion Petition, Call Merchant,
Bribe Branch


You were on level 1 of the Lair of Beasts.
You worshipped Gozag.
Gozag was most pleased with you.
You had blades for front paws.
You visited 3 branches of the dungeon, and saw 15 of its levels.

You collected 2399 gold pieces.
You spent 862 gold pieces at shops.
You paid 72 gold pieces to Gozag.

Inventory:

Jewellery
 a - a ring of flight
 c - an amulet of reflection (around neck)
 s - a ring of ice
 v - a +5 ring of evasion
 J - a +6 ring of intelligence (right blade hand)
 K - an amulet of regeneration
 L - a +6 ring of intelligence (left blade hand)
Talismans
 e - a maw talisman
 f - a flux talisman
 l - a blade talisman (active)
Wands
 i - a wand of mindburst (10)
 o - a wand of iceblast (9)
 x - a wand of polymorph (3)
 z - a wand of flame (22)
 H - a wand of acid (5)
Scrolls
 d - 6 scrolls of teleportation
 g - 3 scrolls of silence {unknown}
 h - 2 scrolls of noise {unknown}
 j - 4 scrolls of vulnerability {unknown}
 k - 2 scrolls of poison
 m - 2 scrolls of enchant weapon
 r - 3 scrolls of enchant armour
 u - a scroll of amnesia
 y - 4 scrolls of fog
 A - 2 scrolls of revelation
 B - 2 scrolls of fear
 D - 2 scrolls of butterflies
 E - 2 scrolls of immolation
 G - a scroll of brand weapon
 I - a scroll of blinking
Potions
 b - 3 potions of enlightenment
 n - 3 potions of curing
 p - a potion of brilliance
 q - 2 potions of cancellation
 t - a potion of invisibility
 w - a potion of mutation
 C - a potion of heal wounds


   Skills:
 * Level 5.4 Fighting
 - Level 15.0 Dodging
 * Level 5.4 Unarmed Combat
 + Level 2.3 Spellcasting
 - Level 1.0 Necromancy
 - Level 8.0 Translocations
 - Level 2.0 Evocations
 - Level 14.0 Shapeshifting


You had 2 spell levels left.
You knew the following spells:

 Your Spells              Type           Power      Damage    Failure   Level
b - Blink                 Tloc           84%        N/A       1%          2
m - Manifold Assault      Tloc           42%        N/A       4%          4
H - Haunt                 Necr/Summ      2%         N/A       100%        7

Your spell library contained the following spells:

 Spells                   Type           Power      Damage    Failure   Level
 Lesser Beckoning         Tloc           84%        N/A       1%          2
 Momentum Strike          Conj/Tloc      44%        3d9       3%          2
 Necrotise                Necr           28%        1d5       7%          1
 Shock                    Conj/Air       8%         1d3       11%         1
 Cigotuvi's Dreadful Rot  Necr/Pois/Air  8%         N/A       14%         2
 Vampiric Draining        Necr           7%         2d6       22%         3
 Call Canine Familiar     Summ           2%         N/A       32%         3
 Ignite Poison            Fire/Tmut/Pois 2%         N/A       32%         3
 Sigil of Binding         Hex            2%         N/A       32%         3
 Swiftness                Air            2%         N/A       32%         3
 Dispersal                Tloc           21%        N/A       52%         6
 Airstrike                Air            1%         2d(1-17)  71%         4
 Leda's Liquefaction      Hex/Erth       1%         N/A       71%         4
 Summon Lightning Spire   Summ/Air       2%         N/A       71%         4
 Agony                    Necr           7%         N/A       89%         5
 Freezing Cloud           Conj/Ice/Air   1%         6-21      96%         5
 Lee's Rapid Deconstruct  Erth           1%         3d4*      96%         5
 Disjunction              Tloc           21%        N/A       100%        8
 Infestation              Necr           3%         N/A       100%        8
 Dimensional Bullseye     Hex/Tloc       Unusable   N/A       N/A         4
 Animate Dead             Necr           Unusable   N/A       N/A         4
 Animate Armour           Summ/Erth      Unusable   N/A       N/A         4

Dungeon Overview and Level Annotations

Branches:
Dungeon (13/15)            Temple (1/1) D:5            Lair (1/5) D:11
    Orc (0/2) D:11
 Vaults: D:13-14

Altars:
Ashenzari
Cheibriados
Dithmenos
Elyvilon
Fedhas
Gozag
Hepliaklqana
Kikubaaqudgha
Makhleb
Nemelex Xobeh
Okawaru
Qazlal
Ru
Sif Muna
Trog
Uskayaw
Vehumet
Wu Jian
Xom
Yredelemnul
Zin
The Shining One

Shops:
D:2 (!*(   D:3 ((*!   D:5 :   D:7 ?**(

Portals:
Abyss: D:3

Annotations:
D:3 2 transporters, Eugor's ghost, amateur DECj


Innate Abilities, Weirdness & Mutations

You have blades for front paws.
((You have sharp claws.))
You have razor-sharp teeth.
You have supernaturally acute eyesight. (SInv)
You cover ground quickly. (Speed+)
Your thick and shaggy fur keeps you warm. (AC +3, rC+)
((Your paws help you pounce on unaware monsters.))
You are incapable of wielding weapons or throwing items.
You cannot wear armour.
You gain extra lives every three experience levels.


Message History

Press: ? - help, Shift-Dir - straight line, f - skyshark
Aim: a skyshark (wandering, hasn't noticed you, chance to affect: 57%)
The skyshark's mind is blasted!!
Aiming: Mindburst
Press: ? - help, Shift-Dir - straight line, f/p - skyshark
Aim: a skyshark (moderately wounded, chance to affect: 57%)
The skyshark resists with significant effort.
Aiming: Mindburst
Press: ? - help, Shift-Dir - straight line, f/p - skyshark
Aim: a skyshark (moderately wounded, chance to affect: 57%)
The skyshark's mind is blasted!
Aiming: Mindburst
Press: ? - help, Shift-Dir - straight line, f/p - skyshark
Aim: a skyshark (heavily wounded, chance to affect: 57%)
The skyshark's mind is blasted!
You slice the skyshark!!
The skyshark is almost dead.
The skyshark bites you!
The skyshark tastes blood and grows stronger!
The skyshark completely misses you. The skyshark closely misses you.
You hit the skyshark but do no damage.
The skyshark is almost dead.
The skyshark hisses menacingly.
The skyshark bites you!
The skyshark enters a blood-rage!
The skyshark completely misses you. The skyshark tail-slaps you!
* * * LOW HITPOINT WARNING * * *
You closely miss the skyshark.
The skyshark is almost dead.
The skyshark completely misses you. The skyshark closely misses you.
The skyshark misses you. The skyshark barely misses you.
The skyshark tail-slaps you!
* * * LOW HITPOINT WARNING * * *
The skyshark barely misses you.
Aiming: Mindburst
Press: ? - help, Shift-Dir - straight line, f/p - skyshark
Aim: a skyshark (almost dead, berserk, chance to affect: 57%)
The skyshark's mind is blasted!
The skyshark barely misses you. The skyshark tail-slaps you!
You die...
Your body crumbles into a pile of gold.

.......................>.#.......
.......................... .....
####.###................. ##..#
.##### ##.........#.....# #..#
..# ####...####.....# ##.#### ..#
#...# ##....###.....# ..#
#...#####...###......# ..#
##...l..##....#.......# ###
#...#P@.##...#.......~~ l
##..##..#.............P .
#..###...............~
#..###...............~ #
#..##........#.......P ≈
#..###...............~ .
#..#####.###.##......~ ≈ #...#
### #..#..#..~~ #########..##
#.##..#..~P


You could see a skyshark (berserk).

Vanquished Creatures
  Fannar (D:11)
  2 two-headed ogres
  2 centaur warriors
  Pikel (D:6)
  A manticore (D:11)
  2 cane toads (Lair:1)
  Jeremiah (D:9)
  A rime drake (Lair:1)
  4 komodo dragons
  Grinder (D:6)
  2 trolls
  A hornet (D:11)
  2 shadows
  9 wyverns
  A basilisk (Lair:1)
  6 wraiths
  4 yaks (D:10)
  A human (D:11)
  5 vampire mosquitoes
  3 steam dragons
  A warg (D:11)
  Menkaure (D:5)
  8 water moccasins
  3 orc warriors
  7 black bears
  2 ice beasts
  A sky beast (D:7)
  10 centaurs
  2 ogres (D:6)
  2 lemures (D:6)
  A kobold brigand (D:8)
  14 bullfrogs
  2 gnoll sergeants
  A scorpion (D:4)
  5 wights
  19 killer bees
  8 howler monkeys
  4 jellies
  A gnoll bouda (D:4)
  8 orc priests
  6 hounds
  2 hell rats (Lair:1)
  11 orc wizards
  3 sleepcaps
  Natasha (thrice) (D:2)
  8 gnolls
  5 adders
  3 white imps
  A worm (D:3)
  3 dart slugs
  45 orcs
  7 ball pythons
  9 endoplasms
  8 giant cockroaches
  6 goblins
  7 hobgoblins
  2 jackals (D:1)
  6 kobolds
  A quokka (D:4)
  6 bats
  4 frilled lizards
  6 rats
302 creatures vanquished.

Notes
Turn   | Place    | Note
-------+----------+-------------------------------------------
     0 | D:1      | avis the Felid Shapeshifter began the quest for the Orb.
     0 | D:1      | Reached XP level 1. HP: 9/9 MP: 2/2
   242 | D:1      | Reached XP level 2. HP: 8/13 MP: 3/3
   671 | D:1      | Reached XP level 3. HP: 16/16 MP: 4/4
   773 | D:2      | Found a faded altar of an unknown god.
   785 | D:2      | Found Bybes's Distillery.
   785 | D:2      | Found Fonwu Tuts's General Store.
   973 | D:2      | Found Mat Leu's Antique Weapon Shoppe.
  1025 | D:2      | Reached skill level 3 in Dodging
  1263 | D:2      | Noticed Natasha
  1275 | D:2      | Killed Natasha
  1276 | D:2      | Reached skill level 4 in Dodging
  1276 | D:2      | Reached XP level 4. HP: 15/21 MP: 5/5
  1343 | D:2      | Found Mixir's Antique Weapon Shop.
  1493 | D:2      | Noticed Natasha
  1501 | D:2      | Killed Natasha
  1610 | D:2      | Noticed Natasha
  1618 | D:2      | Killed Natasha
  1619 | D:2      | Reached skill level 5 in Dodging
  1758 | D:3      | Reached XP level 5. HP: 18/24 MP: 6/6
  1790 | D:3      | Identified the +9 spear "Tioveip" {protect, rF+ Will+}
  1896 | D:2      | HP: 1/36 [orc/the +9 spear "Tioveip" {protect, rF+ Will+}
                  | (12)]
  2078 | D:3      | Found Liss's Weapon Boutique.
  2204 | D:3      | Found a transporter.
  2204 | D:3      | Found Mithrul's Weapon Boutique.
  2281 | D:3      | Found Kees's Distillery.
  2351 | D:3      | Found a transporter.
  2375 | D:3      | Found a transporter.
  2405 | D:3      | Found a one-way gate to the infinite horrors of the Abyss.
  2405 | D:3      | Noticed Eugor's ghost (amateur DECj)
  2407 | D:3      | Found Zufaazamn's General Store.
  2546 | D:3      | Found a transporter.
  2722 | D:4      | Found an iron altar of Okawaru.
  2728 | D:4      | Found a shimmering altar of Xom.
  2822 | D:4      | Reached skill level 6 in Dodging
  3139 | D:4      | Gained mutation: You are covered in thick fur. (AC +2)
                  | [Felid growth]
  3139 | D:4      | Reached XP level 6. HP: 28/28 MP: 7/7
  3211 | D:4      | Reached skill level 5 in Shapeshifting
  3398 | D:5      | Entered Level 5 of the Dungeon
  3527 | D:5      | Noticed a steam dragon
  3546 | D:5      | Killed a steam dragon
  3547 | D:5      | Reached XP level 7. HP: 3/31 MP: 8/8
  3828 | D:5      | Reached skill level 7 in Dodging
  3962 | D:5      | Found a staircase to the Ecumenical Temple.
  3981 | Temple   | Entered the Ecumenical Temple
  4013 | Temple   | Became a worshipper of Gozag Ym Sagoz the Greedy
  4154 | D:5      | Found Falawk's Self-Published Books.
  4298 | D:5      | Reached skill level 8 in Dodging
  4518 | D:5      | Noticed Menkaure
  4520 | D:5      | Killed Menkaure
  4521 | D:5      | Reached skill level 1 in Evocations
  4521 | D:5      | Reached XP level 8. HP: 34/34 MP: 9/9
  4594 | D:5      | Reached skill level 9 in Dodging
  5063 | D:6      | Reached skill level 5 in Fighting
  5267 | D:6      | Reached skill level 5 in Unarmed Combat
  5626 | D:6      | Noticed Grinder
  5630 | D:6      | Killed Grinder
  5631 | D:6      | Reached XP level 9. HP: 40/40 MP: 10/10
  6253 | D:7      | Found Sasookos's Magic Scroll Emporium.
  6257 | D:7      | Noticed Pikel
  6308 | D:6      | Killed Pikel
  6354 | D:7      | Bought a scroll of identify for 26 gold pieces
  6354 | D:7      | Bought a scroll of revelation for 97 gold pieces
  6354 | D:7      | Bought a scroll of fear for 52 gold pieces
  6354 | D:7      | Bought a scroll of fog for 52 gold pieces
  6469 | D:2      | Bought a potion of heal wounds for 50 gold pieces
  6480 | D:2      | Bought a scroll of butterflies for 52 gold pieces
  6517 | D:3      | Bought a scroll of identify for 28 gold pieces
  6517 | D:3      | Identified a scroll of acquirement
  6520 | D:3      | Acquired a manual of Necromancy
  6776 | D:7      | Reached skill level 10 in Shapeshifting
  6788 | D:7      | Reached skill level 1 in Necromancy
  6794 | D:7      | Reached skill level 1 in Spellcasting
  6794 | D:7      | Noticed a troll
  6852 | D:7      | Killed a troll
  6853 | D:7      | Reached skill level 10 in Dodging
  6891 | D:7      | Reached skill level 11 in Dodging
  7214 | D:7      | Found Ojopuu's Weapon Shop.
  7295 | D:7      | Found Hesog's Assorted Antiques.
  7483 | D:7      | Found Qyto's Assorted Antiques.
  7492 | D:7      | Bought a sedimented black potion for 19 gold pieces
  7492 | D:7      | Bought a scroll labelled ROSEJIPPILACW for 22 gold pieces
  7492 | D:7      | Bought a long bone wand for 88 gold pieces
  7492 | D:7      | Bought a scroll of blinking for 165 gold pieces
  7547 | D:8      | Reached XP level 10. HP: 44/44 MP: 12/12
  7940 | D:8      | Reached skill level 12 in Dodging
  7961 | D:8      | Noticed a centaur warrior
  8106 | D:8      | Killed a centaur warrior
  8733 | D:8      | Noticed a two-headed ogre
  8740 | D:8      | Killed a two-headed ogre
  9066 | D:8      | Learned a level 2 spell: Blink
  9295 | D:2      | Bought a potion of curing for 30 gold pieces
  9295 | D:2      | Bought a potion of curing for 30 gold pieces
  9295 | D:2      | Bought a potion of curing for 30 gold pieces
  9342 | D:3      | Bought a potion of curing for 33 gold pieces
  9342 | D:3      | Bought a potion of curing for 33 gold pieces
  9342 | D:3      | Bought a potion of heal wounds for 55 gold pieces
  9559 | D:9      | Noticed Jeremiah
  9574 | D:9      | Killed Jeremiah
  9773 | D:9      | Noticed a two-headed ogre
  9783 | D:9      | Killed a two-headed ogre
 10115 | D:9      | Reached skill level 1 in Translocations
 10252 | D:9      | Reached XP level 11. HP: 47/47 MP: 13/13
 10653 | D:10     | Entered Level 10 of the Dungeon
 10777 | D:10     | Learned a level 4 spell: Manifold Assault
 12303 | D:11     | Found a staircase to the Orcish Mines.
 12449 | D:11     | Reached skill level 13 in Dodging
 12742 | D:11     | Found a staircase to the Lair.
 12799 | D:11     | Found a blossoming altar of Fedhas.
 12803 | D:11     | You fall into a shaft and drop 2 floors!
 12885 | D:13     | Noticed a centaur warrior
 12897 | D:13     | Killed a centaur warrior
 12910 | D:13     | Reached skill level 14 in Dodging
 12910 | D:13     | Reached skill level 5 in Translocations
 13011 | D:13     | Noticed an entropy weaver
 13017 | D:13     | HP: 2/47 [entropy weaver (shapeshifter) (8)]
 13097 | D:12     | HP: 2/47 [manticore (2)]
 13100 | D:12     | Mangled by a manticore
 13200 | D:11     | Learned a level 7 spell: Haunt
 13332 | D:11     | HP: 2/47 [manticore (10)]
 13333 | D:11     | Mangled by a manticore
 13517 | Lair:1   | Entered Level 1 of the Lair of Beasts
 13519 | Lair:1   | Noticed Fannar
 13565 | D:11     | HP: 1/47 [Fannar/+0 quarterstaff of freezing (2)]
 13569 | D:11     | Killed Fannar
 13748 | Lair:1   | Gained mutation: Your thick and shaggy fur keeps you warm.
                  | (AC +3, rC+) [Felid growth]
 13748 | Lair:1   | Reached XP level 12. HP: 51/51 MP: 16/16
 13821 | Lair:1   | Reached skill level 15 in Dodging
 14034 | Lair:1   | Mangled by a komodo dragon
 14123 | Lair:1   | Found a frozen archway.
 14507 | Lair:1   | HP: 1/51 [skyshark (11)]
 14508 | Lair:1   | Mangled by a skyshark

Illustrated notes

Levels and vault maps discovered:
D:1:      sevenhm_arrival_forest_fort_small_3, layout_loops_ring
D:2:      layout_rooms, serial_shops, nicolae_shop_tiny_waterfront,
          nicolae_shop_temple_entry_statues_fountains, shop, shop,
          nicolae_ecumenical_pavilion, minmay_unequal, uniq_natasha
D:3:      layout_loops_ring, gammafunk_ghost_abyssal_escape, serial_shops, shop,
          nicolae_shop_drivethru, shop, shop
D:4:      layout_rooms, grunt_temple_overflow_open
D:5:      layout_gridville, minmay_temple_entry_overgrown, chequers_garden,
          nicolae_custom_books, sigmund_army, uniq_menkaure
D:6:      layout_basic, uniq_grinder
D:7:      layout_basic, serial_shops, nicolae_shop_peninsula,
          nicolae_shop_bloodbath_and_beyond, nicolae_shop_stone, shop,
          minmay_manual_mandibuliform, uniq_pikel
D:8:      layout_gridville
D:9:      layout_roguey, serial_park_tiny_2, minmay_circle_x, uniq_jeremiah
D:10:     layout_roguey
D:11:     layout_loops_corners, due_lair_maze_entry_diamond, erik_orc_4,
          fedhas_altar_2
D:12:     layout_roguey, serial_curves, eino_curves_01, eino_curves_02
D:13:     layout_cave_pods, david_vaults_4
Temple:   mainiacjoe_temple_big_plus
Lair:1:   dreamdust_cave_troll, layout_gridlike,
          portal_ice_cave_entry_pillars_1, pdpol_lair_cavern_descent,
          serial_bayou_shore_a, uniq_fannar

Skill      XL: |  1  2  3  4  5  6  7  8  9 10 11 12 |
---------------+-------------------------------------+-----
Fighting       | 2 3 5 |  5.4
Dodging        | 4 5 6 8 9 11 12 14 15 | 15.0
Shapeshifting  | 4 6 7 10 12 14 | 14.0
Evocations     | 1 2 |  2.0
Unarmed Combat | 5 |  5.4
Necromancy     | 1 |  1.0
Spellcasting   | 1 2 |  2.3
Translocations | 2 6 8 |  8.0

Action                     |  1- 3 |  4- 6 |  7- 9 | 10-12 || total
---------------------------+-------+-------+-------+-------++-------
  Melee: Unarmed           |    89 |   137 |   349 |   529 ||  1104
         Bite              |     5 |    18 |    63 |    70 ||   156
         Punch             |       |     4 |       |    32 ||    36
   Cast: Blink             |       |       |       |     1 ||     1
  Evoke: Wand              |       |     4 |    13 |    23 ||    40
    Use: Potion            |       |     2 |     1 |    10 ||    13
         Scroll            |       |       |    15 |     6 ||    21
   Stab: Sleeping          |     1 |     3 |       |     5 ||     9
         Paralysed         |       |       |    21 |    12 ||    33
         Distracted        |       |       |     1 |     2 ||     3
 Armour: Skin              |    24 |    48 |    61 |   148 ||   281
  Dodge: Dodged            |    56 |   114 |   349 |   576 ||  1095
  Block: Other             |       |       |       |    16 ||    16
   Form: Flux              |       |     2 |       |       ||     2
         Beast             |       |     1 |       |       ||     1
         Blade             |       |       |     1 |       ||     1

Table legend: (Time is in decaauts)
 A = Elapsed time spent in this place.
 B = Non-inter-level travel time spent in this place.
 C = Inter-level travel time spent in this place.
 D = Time resting spent in this place.
 E = Time spent auto-exploring this place.
 F = Levels seen in this place.
 G = Mean time per level.
                   A        B        C        D        E       F      G
               +--------+--------+--------+--------+--------+-----+--------+
         Total |  12665 |  11291 |   1374 |   3293 |   3911 |  15 |  844.3 |
       Dungeon |  11865 |  10556 |   1309 |   3127 |   3625 |  13 |  912.7 |
        Temple |     90 |     25 |     65 |      0 |      0 |   1 |   90.0 |
          Lair |    709 |    709 |      0 |    166 |    286 |   1 |  709.0 |
               +--------+--------+--------+--------+--------+-----+--------+

Top non-repeatable levels by time:
     D:5: 1316 daAuts
    D:11: 1302 daAuts
     D:7: 1262 daAuts
     D:8: 1166 daAuts
     D:2: 1147 daAuts
     D:6: 1093 daAuts
    D:10: 1002 daAuts
     D:9: 981 daAuts
     D:4: 858 daAuts
     D:3: 720 daAuts
  Lair:1: 709 daAuts
     D:1: 675 daAuts
    D:13: 236 daAuts
    D:12: 102 daAuts
  Temple: 90 daAuts
